 Dungeon Crawl Stone Soup version 0.29.1-2-gbd0b4ee654 (webtiles) character file.

Game seed: 4271339407831565762

3 Firos the Trooper (level 1, 0/20 HPs)
             Began as a Hill Orc Monk on Nov 8, 2022.
             Constricted to death by a ball python (1 damage)
             ... on level 1 of the Dungeon.
             The game lasted 00:00:20 (111 turns).

Firos the Trooper (Hill Orc Monk)                    Turns: 111, Time: 00:00:20

Health: 0/20       AC:  2    Str: 13    XL:     1   Next: 50%
Magic:  1/1        EV:  9    Int: 10    God:
Gold:   2          SH:  0    Dex: 13    Spells: 0/0 levels left

rFire   . . .      SeeInvis .   a - +0 spear
rCold   . . .      Faith    .   (no shield)
rNeg    . . .      Spirit   .   b - +0 robe
rPois   .          Reflect  .   (no helmet)
rElec   .          Harm     .   (no cloak)
rCorr   .          Rampage  .   (no gloves)
Will    .....                   (no boots)
Stlth   +.........              (no amulet)
HPRegen 0.06/turn               (no ring)
MPRegen 0.07/turn               (no ring)

@: constricted, very slow
A: no striking features
a: no special abilities


You were on level 1 of the Dungeon.
You visited 1 branch of the dungeon, and saw 1 of its levels.

You collected 2 gold pieces.

Inventory:

Hand Weapons
 a - a +0 spear (weapon)
Armour
 b - a +0 robe (worn)
Potions
 c - a potion of ambrosia
 d - a potion of curing {unknown}


   Skills:
 + Level 3.7 Fighting
 * Level 3.4 Polearms
 + Level 0.3 Armour
 - Level 2.4 Dodging
 - Level 1.5 Stealth


You couldn't memorise any spells.
You didn't know any spells.
Your spell library contained the following spells:

 Spells                   Type           Power      Damage    Failure   Level
 Slow                     Hex            0%         N/A       36%         1
 Confusing Touch          Hex            0%         N/A       75%         3
 Vampiric Draining        Necr           0%         2d6       75%         3


Dungeon Overview and Level Annotations

Branches:
Dungeon (1/15)

Altars:


Message History

The ball python is moderately wounded.
The ball python bites you. The ball python constricts you.
You barely miss the ball python.
The ball python is moderately wounded.
The ball python closely misses you. The ball python constricts you.
Your unstable footing causes you to fumble your attack.
The ball python closely misses you. The ball python constricts you.
Your unstable footing causes you to fumble your attack.
The ball python bites you but does no damage.
The ball python constricts you.
Your unstable footing causes you to fumble your attack.
The ball python bites you. The ball python constricts you.
You barely miss the ball python.
The ball python is moderately wounded.
The ball python bites you but does no damage.
The ball python constricts you. The ball python closely misses you.
The ball python constricts you.
Your unstable footing causes you to fumble your attack.
The ball python bites you.
* * * LOW HITPOINT WARNING * * *
The ball python constricts you.
Your unstable footing causes you to fumble your attack.
The ball python bites you but does no damage.
The ball python constricts you.
You hit the ball python.
The ball python is heavily wounded.
The ball python completely misses you. The ball python constricts you.
You hit the ball python.
The ball python is severely wounded.
The ball python bites you.
* * * LOW HITPOINT WARNING * * *
The ball python constricts you.
Your unstable footing causes you to fumble your attack.
The ball python bites you.
* * * LOW HITPOINT WARNING * * *
The ball python constricts you.
You closely miss the ball python.
The ball python is severely wounded.
The ball python barely misses you. The ball python constricts you.
You die...

... #.. ## #.. #. #.. #.
#.. #. #.. #. #♣♣♣♣♣♣
#.. #S##~~~♣~~P♣#.# ##.
♣♣@~~≈~~~~~~#.# #.
#♣♣♣~P~≈≈≈≈~~~P..####.
##♣~~~~~≈≈≈≈~~~~~~##....
#~~P~~~~≈PPP~~~~P~~#.###
##♣~~~~~~P~~♣~.~P.♣...#
#~~♣~~...~~.........#
###.................#
##........~..~~~~~##
#.....~~.~P~~~~♣♣P#


You could see a ball python.

Vanquished Creatures
  A bat (D:1)
  A quokka (D:1)
  A ball python (D:1)
3 creatures vanquished.

Notes
Turn   | Place    | Note
-------+----------+-------------------------------------------
     0 | D:1      | Firos the Hill Orc Monk began the quest for the Orb.
     0 | D:1      | Reached XP level 1. HP: 19/19 MP: 1/1
   110 | D:1      | HP: 1/20 [ball python (1)]
   111 | D:1      | Constricted to death by a ball python

Illustrated notes

Levels and vault maps discovered:
D:1:      minmay_arrival_stone_box, layout_loops_ring, serial_bayou_ford_a,
          minmay_misc_feat_rows, wander_ebering_terrifying_dragon_lair

Action                   || total
-------------------------++-------
Melee: Spear             ||    23
 Stab: Sleeping          ||     2
Armor: Robe              ||     3
Dodge: Dodged            ||    11
